 Dungeon Crawl Stone Soup version 0.29.1 (webtiles) character file.

Game seed: 15295638299383513719

1022 Icepheonix32 the Covered (level 8, 0/65 (70) HPs)
             Began as a Minotaur Fighter on Sept 14, 2022.
             Was an Initiate of Yredelemnul.
             Slain by a wight
             ... wielding a +2 flail
              (2 damage)
             ... on level 6 of the Dungeon.
             The game lasted 00:06:20 (5100 turns).

Icepheonix32 the Covered (Minotaur Fighter)         Turns: 5100, Time: 00:06:20

HP:   0/65 (70)     AC: 15    Str: 22    XL:     8   Next: 2%
MP:   7/7           EV: 10    Int:  5    God:    Yredelemnul [......]
Gold: 313           SH:  0    Dex: 11    Spells: 7/7 levels left

rFire   . . .      SeeInvis .   v - +4 dire flail (protect)
rCold   . . .      Faith    .   (shield currently unavailable)
rNeg    . . .      Spirit   .   b - +0 scale mail
rPois   +          Reflect  .   (helmet restricted)
rElec   .          Harm     .   (no cloak)
rCorr   .          Rampage  .   (no gloves)
Will    +....                   (no boots)
Stlth   ..........              (no amulet)
HPRegen 0.20/turn               m - ring of willpower
MPRegen 0.10/turn               w - ring of poison resistance

@: mighty, under a protective aura, drained
A: horns 2, retaliatory headbutt
a: Renounce Religion, Recall Undead Harvest


You were on level 6 of the Dungeon.
You worshipped Yredelemnul.
Yredelemnul was noncommittal.
You visited 1 branch of the dungeon, and saw 6 of its levels.

You collected 313 gold pieces.

Inventory:

Hand Weapons
 a - a +0 war axe
 v - a +4 dire flail of protection (weapon)
Armour
 b - a +0 scale mail (worn)
 c - a +0 buckler
 g - a +0 chain mail
 s - a +0 kite shield
Magical Staves
 e - a staff of conjuration
Jewellery
 m - a ring of willpower (left hand)
 w - a ring of poison resistance (right hand)
Wands
 p - a wand of paralysis (2)
 u - a wand of flame (16)
Scrolls
 j - a scroll of amnesia {unknown}
 l - 2 scrolls of enchant armour {unknown}
 o - a scroll of silence
 q - a scroll of teleportation
 r - a scroll of magic mapping {unknown}
 y - a scroll of fear
 z - a scroll of blinking
Potions
 h - 2 potions of brilliance
 i - a potion of attraction
 k - 3 potions of curing
 n - a potion of magic
 t - 2 potions of heal wounds {unknown}
 x - a potion of resistance


   Skills:
 + Level 5.6 Fighting
 - Level 5.0(5.9) Axes
 + Level 4.7(5.7) Maces & Flails
 + Level 7.3 Armour
 + Level 2.5 Dodging
 + Level 0.2 Stealth
 + Level 4.6 Shields
 + Level 0.2 Evocations


You had 7 spell levels left.
You didn't know any spells.
Your spell library contained the following spells:

 Spells                   Type           Power      Damage    Failure   Level
 Call Canine Familiar     Summ           0%         N/A       98%         3
 Portal Projectile        Hex/Tloc       0%         N/A       98%         3
 Leda's Liquefaction      Hex/Erth       0%         N/A       100%        4


Dungeon Overview and Level Annotations

Branches:
Dungeon (6/15)             Temple (0/1) D:4

Altars:
Ashenzari
Elyvilon
Kikubaaqudgha
Ru
Yredelemnul


Innate Abilities, Weirdness & Mutations

You have a pair of horns on your head.
You reflexively headbutt those who attack you in melee.


Message History

You are too injured to fight recklessly!
Unknown command.
You are too injured to fight recklessly!
Unknown command.
You are too injured to fight recklessly!
Unknown command.
You completely miss the orc. Your headbutt misses the orc.
The wight closely misses you. The orc closely misses you.
Your spectral shadow imp misses the orc.
Unknown command.
You hit the wight.
Your weapon exudes an aura of protection.
The wight is lightly damaged.
The orc hits you with a +0 flail. The wight hits you but does no damage.
The orc wizard barely misses you. You furiously retaliate!
You headbutt the orc wizard, but do no damage.
The wight hits you with a +1 scimitar!
* * * LOW HITPOINT WARNING * * *
Your spectral shadow imp closely misses the orc.
You feel very mighty all of a sudden. The wight completely misses you.
The orc wizard hits you but does no damage.
The wight hits you with a +1 scimitar!
* * * LOW HITPOINT WARNING * * *
The orc hits you but does no damage.
Your spectral shadow imp closely misses the orc.
You hit the orc. You headbutt the orc.
You kill the orc!
The dead are walking!
The orc wizard closely misses you. The wight hits you with a +2 flail.
* * * LOW HITPOINT WARNING * * *
Your spectral shadow imp hits the orc wizard.
Your spectral shadow imp drains the orc wizard.
You thump the orc wizard!
You kill the orc wizard!
The wight hits you but does no damage. The wight hits you with a +2 flail!
* * * LOW HITPOINT WARNING * * *
You feel drained.
You die...
Your body rises from the dead as a mindless zombie. ###...### ###.#.....# #........## . ##..#..### #. .o..##.#<...#... #............. $.....###........# oS.

##Z)........#
##.##z@Z........#
##...zz#.........
#......###......#
.........# ......
.......... .##...
........... ##
..# ............
.............
..........[#..


You could see 3 wights, a friendly spectral shadow imp and a friendly orc
zombie.

Vanquished Creatures
  Edmund (D:4)
  An ogre (D:5)
  A necrophage (D:5)
  4 scorpions
  A gnoll sergeant (D:5)
  3 hounds
  Ijyb (D:3)
  An iguana (D:5)
  2 orc wizards
  10 gnolls
  6 adders
  A shadow imp (D:6)
  2 ufetubi
  3 worms
  3 dart slugs
  16 orcs
  7 ball pythons
  6 bats
  2 endoplasms (D:2)
  3 giant cockroaches
  8 goblins
  14 hobgoblins
  2 jackals (D:4)
  7 kobolds
  A quokka (D:3)
  2 frilled lizards (D:1)
  5 rats
113 creatures vanquished.

Vanquished Creatures (collateral kills)
  An adder (D:5)
  A shadow imp (D:5)
  A dart slug (D:5)
  2 orcs (D:5)
5 creatures vanquished.

Vanquished Creatures (others)
  A gnoll zombie (D:5)
  3 orc zombies
  2 fungi (D:1)
6 creatures vanquished.

Grand Total: 124 creatures vanquished

Notes
Turn   | Place    | Note
-------+----------+-------------------------------------------
     0 | D:1      | Icepheonix32 the Minotaur Fighter began the quest for the
                  | Orb.
     0 | D:1      | Reached XP level 1. HP: 19/19 MP: 0/0
    22 | D:1      | Found a faded altar of an unknown god.
    36 | D:1      | Reached XP level 2. HP: 18/27 MP: 1/1
   210 | D:1      | Reached skill level 4 in Armour
   688 | D:2      | Reached XP level 3. HP: 33/33 MP: 2/2
  1556 | D:3      | Reached XP level 4. HP: 40/40 MP: 3/3
  1601 | D:3      | Noticed Ijyb
  1601 | D:3      | Paralysed by Ijyb for 4 turns
  1607 | D:3      | Paralysed by Ijyb for 5 turns
  1615 | D:3      | Paralysed by Ijyb for 5 turns
  1624 | D:3      | Paralysed by Ijyb for 2 turns
  1626 | D:3      | Killed Ijyb
  1851 | D:3      | Reached skill level 1 in Dodging
  1858 | D:3      | Reached XP level 5. HP: 36/47 MP: 4/4
  2231 | D:3      | Found a sacrificial altar of Ru.
  2925 | D:4      | Reached skill level 5 in Armour
  3125 | D:4      | Reached XP level 6. HP: 9/53 MP: 5/5
  3137 | D:4      | Found a basalt altar of Yredelemnul.
  3146 | D:4      | Became a worshipper of Yredelemnul the Dark
  3457 | D:4      | Found a staircase to the Ecumenical Temple.
  3464 | D:4      | Reached * piety under Yredelemnul
  3465 | D:4      | Reached skill level 6 in Armour
  3580 | D:4      | Noticed Edmund
  3587 | D:4      | Killed Edmund
  3588 | D:4      | Reached skill level 5 in Axes
  3932 | D:5      | Entered Level 5 of the Dungeon
  3940 | D:5      | Reached skill level 5 in Fighting
  3940 | D:5      | Reached skill level 1 in Maces & Flails
  3940 | D:5      | Reached XP level 7. HP: 38/61 MP: 6/6
  3956 | D:5      | HP: 1/61 [gnoll/+0 spear[a gnoll sergeant] (8)]
  4317 | D:5      | Reached skill level 7 in Armour
  4318 | D:5      | Reached ** piety under Yredelemnul
  4486 | D:5      | Found a broken altar of Ashenzari.
  4488 | D:5      | Found an ancient bone altar of Kikubaaqudgha.
  4488 | D:5      | Found a white marble altar of Elyvilon.
  4928 | D:5      | Reached XP level 8. HP: 67/69 MP: 7/7
  5100 | D:6      | HP: 2/67 [wight/+2 flail (7)]
  5100 | D:6      | Slain by a wight

Illustrated notes

Levels and vault maps discovered:
D:1:      dpeg_arrival_rhombus, layout_rooms, dreamdust_ecumenical_altar_grove
D:2:      layout_basic
D:3:      cheibrodos_greedy_goblins, layout_basic,
          nicolae_ru_sacrificial_ziggurat, nrook_loot_triangle, dk_vineyard_3,
          uniq_ijyb
D:4:      layout_basic, yredelemnul_altar_generic,
          minmay_temple_entry_statues_pillars, kennysheep_generic_room_12,
          uniq_edmund
D:5:      layout_loops_cross, grunt_temple_overflow_diamond
D:6:      layout_cave_pools, kennysheep_slug_shrine, sigmund_army

Skill      XL: |  1  2  3  4  5  6  7 |
---------------+----------------------+-----
Shields        | 4 |  4.6
Armour         | 4 5 6 7 |  7.3
Fighting       | 4 5 |  5.6
Axes           | 3 4 5 |  5.0
Dodging        | 1 2 |  2.5
Maces & Flails | 1 4 |  4.7
Stealth        | |  0.2
Evocations     | |  0.2

Action                   |  1- 3 |  4- 6 |  7- 9 || total
-------------------------+-------+-------+-------++-------
Melee: War axe           |    71 |   110 |       ||   181
       Headbutt          |     9 |    14 |    14 ||    37
       Dire flail        |       |    18 |    66 ||    84
Invok: Dark Bargain      |       |       |     2 ||     2
Evoke: Wand              |       |       |     2 ||     2
  Use: Potion            |       |     3 |     1 ||     4
       Scroll            |       |       |     7 ||     7
Armor: Scale mail        |    25 |    46 |    33 ||   104
Dodge: Dodged            |    35 |    69 |    34 ||   138
Block: Buckler           |    18 |    24 |       ||    42
